AoeStats
← RensArmarium

Black Forest

503449918Analyzed
2v2 RM · 1mo ago on Aug 31, 2026· 42m 18s· 4 players
Game mode
Random Map
Map size
Medium (4 player)
Population
200
Speed
Normal
Resources
Standard
Victory
Conquest
Starting age
Dark Age
Ending age
Imperial Age
RankedLock teamsTeams togetherTeam positionsShared explorationLock speedFull tech treeHidden civsTurbo modeCheats
Victory
Defeat
🇳🇱 Britons · Netherlands
1179
+15
🇳🇱 Turks · Netherlands
1075
+20
🇩🇪 Goths · Germany
1181
-18
🇦🇹 Khmer · Austria
1128
-16
RensArmarium
0:53 Loom
13:03 Feudal Age
13:42 Double-Bit Axe
16:42 Wheelbarrow
17:35 Horse Collar
22:11 Castle Age
21:11 Gold Mining
21:48 Padded Archer Armor
24:17 Hand Cart
24:18 Bow Saw
24:48 Gold Shaft Mining
25:27 Leather Archer Armor
25:25 Forging
27:52 Heavy Plow
27:47 Stone Mining
30:17 Iron Casting
29:50 Scale Barding Armor
31:02 Masonry
34:32 Imperial Age
31:52 Town Watch
33:28 Chain Barding Armor
36:14 Two-Man Saw
35:20 Town Patrol
37:20 Caravan
40:28 Ring Archer Armor
40:58 Blast Furnace
40:34 Plate Barding Armor
40:46 Ballistics
40:39 Fortified Wall
41:54 Artillery
42:14 Sipahi
Sandervw7
1:22 Loom
12:05 Feudal Age
12:12 Man-at-Arms
16:25 Wheelbarrow
15:58 Double-Bit Axe
18:07 Fletching
22:25 Castle Age
21:38 Horse Collar
23:30 Bow Saw
33:28 Imperial Age
31:02 Scale Mail Armor
31:11 Squires
31:55 Town Watch
32:22 Forging
31:54 Long Swordsman
32:20 Gambesons
32:37 Gold Mining
34:02 Town Patrol
34:20 Hand Cart
34:25 Chain Mail Armor
34:46 Iron Casting
33:45 Two-Handed Swordsman
36:09 Two-Man Saw
36:23 Chemistry
35:30 Champion
37:15 Plate Mail Armor
36:41 Bodkin Arrow
37:47 Blast Furnace
37:20 Ballistics
37:30 Arson
39:21 Hoardings
39:13 Murder Holes
40:11 Bracer
42:49 Yeomen
42:50 Conscription
Oilman
12:06 Feudal Age
13:10 Double-Bit Axe
16:08 Castle Age
17:50 Bow Saw
18:09 Scale Mail Armor
23:02 Loom
31:37 Wheelbarrow
31:04 Horse Collar
34:31 Gold Mining
34:51 Heavy Plow
37:44 Imperial Age
36:47 Chain Mail Armor
36:42 Forging
36:54 Squires
37:20 Anarchy
38:29 Perfusion
38:33 Elite Huskarl
39:43 Heavy Scorpion
Babo G
0:29 Loom
16:14 Feudal Age
20:21 Castle Age
18:17 Double-Bit Axe
21:38 Wheelbarrow
35:00 Imperial Age
33:33 Gold Mining
33:42 Stone Mining
34:39 Forging
35:22 Scale Barding Armor
35:58 Iron Casting
35:56 Hand Cart
35:19 Light Cavalry
36:51 Stone Shaft Mining
36:02 Horse Collar
36:59 Gold Shaft Mining
36:49 Bow Saw
36:22 Fishing Lines
37:22 Double Crossbow
37:43 Conscription
36:45 Hussar
37:53 Chain Barding Armor
38:03 Heavy Plow
37:53 Town Watch
39:18 Blast Furnace
38:45 Bloodlines
38:36 Husbandry
39:23 Plate Barding Armor
39:59 Heavy Scorpion
Connection lost

Rejoining the realm…

Still unreachable

The connection could not be restored.

Session expired

The server has moved on; the page needs a fresh start.